cohdb
Replays
Latest Replays
All Replays
Popular Replays
Top Player Replays
Match Explorer
How It Works
Community
CoH3 Stats
Reddit
Sign in to upload your games and track your stats! →
Sign in with Steam
Match 44074143
Unlisted
Match 44074143
Overview
Messages
Build Orders
End
Panzergrenadier Squad
Selects Battlefield Espionage Battlegroup
Panzergrenadier Squad
250 Light Carrier
Construct Light Support Kompanie
Panzerjäger Squad
2.5-tonne Medical Truck
Selects Intel Disruption Beacon
Selects Transfer Depots
Panzerjäger Squad
Fire Support Elements
Flakvierling Half-track
Selects Firestorm
MG34 Team
Construct Mechanized Kompanie
Selects 250/3 Funkpanzerwagen
Selects Advanced Ambush Training
Firestorm
StuG III D Assault Gun
AI Takeover
STARSHOPPING
Papa Shango
Husar
Mistmoon
VitMix
3d3lw3iSS
0
0
Comments
sign in to comment!
No comments posted yet!